 Dungeon Crawl Stone Soup version 0.20-a0-1126-g0f15420 (webtiles) character file.

261 kuniqs the Digger (level 5, -10/49 HPs)
             Began as a Troll Earth Elementalist on May 17, 2017.
             Mangled by a mummy (18 damage)
             ... in an ossuary.
             The game lasted 00:03:42 (2177 turns).

kuniqs the Digger (Troll Earth Elementalist)        Turns: 2177, Time: 00:03:42

Health: -10/49     AC:  5    Str: 16    XL:     5   Next: 96%
Magic:  6/6        EV: 10    Int:  8    God:
Gold:   167        SH:  0    Dex: 11    Spells: 6/7 levels left

rFire    . . .     SeeInvis .     - Unarmed
rCold    . . .     Gourm    +   (no shield)
rNeg     . . .     Faith    .   c - +0 robe
rPois    .         Spirit   .   (helmet restricted)
rElec    .         Reflect  .   (no cloak)
rCorr    +         Harm     .   (gloves unavailable)
MR       .....                  (boots unavailable)
Stlth    +.........             (no amulet)
Regen    0.6/turn               i - ring of resist corrosion
MPRegen  0.1/turn               t - -3 ring of intelligence (curse)

@: no status effects
A: unfitting armour, claws 3, fast metabolism 3, gourmand, regeneration 1,
shaggy fur 1, tough skin 2
a: no special abilities


You were in an ossuary.
You were very full.

You visited 1 branch of the dungeon, and saw 4 of its levels.
You also visited: Ossuary.

You collected 167 gold pieces.

Inventory:

Missiles
 b - 134 stones (quivered)
 k - a throwing net
Armour
 c - a +0 robe (worn)
Jewellery
 i - a ring of resist corrosion (left claw)
 t - a cursed -3 ring of intelligence (right claw)
Scrolls
 a - 5 scrolls of identify {unknown}
 h - 2 scrolls of blinking {unknown}
 j - a scroll of remove curse {unknown}
 l - 3 scrolls of enchant weapon {unknown}
 m - 2 scrolls of magic mapping {unknown}
 n - 3 scrolls of teleportation {unknown}
 p - a scroll of recharging {unknown}
 q - a scroll of amnesia {unknown}
 u - a scroll of immolation {unknown}
 w - a scroll of random uselessness {unknown}
Potions
 f - 4 potions of lignification {unknown}
 g - 3 potions of might {unknown}
 o - 5 potions of curing {unknown}
 s - a potion of mutation {unknown}
 v - a potion of invisibility {unknown}
 z - a potion of flight {unknown}
Books
 e - a book of Geomancy

   Spells                             Type                      Level
   a - Sandblast                      Earth                        1
   b - Passwall                       Transmutation/Earth          2
   c - Stone Arrow                    Conjuration/Earth            3
   d - Petrify                        Transmutation/Earth          4
   e - Lee's Rapid Deconstruction     Earth                        5
Comestibles
 d - 3 bread rations
 r - 2 chunks of flesh
 x - a royal jelly


   Skills:
 + Level 1.9 Fighting
 + Level 0.5 Throwing
 - Level 1.5 Dodging
 - Level 1.0 Stealth
 + Level 2.6 Unarmed Combat
 - Level 1.5 Spellcasting
   Level 0.6 Transmutations
 + Level 4.5 Earth Magic


You had 6 spell levels left.
You knew the following spells:

 Your Spells              Type           Power        Failure   Level  Hunger
a - Sandblast             Erth           #.....       6%          1    ##.....


Dungeon Overview and Level Annotations

Branches:
Dungeon (4/15)
 Temple: D:4-7

Altars:
Ashenzari
Cheibriados
Hepliaklqana


Innate Abilities, Weirdness & Mutations

You are too large for most types of armour.
You have claws for hands.
Your metabolism is lightning-fast.
You like to eat raw meat.
Your natural rate of healing is unusually fast.
You are covered in fur. (AC +1)
You have very tough skin. (AC +2)


Message History

The hound zombie bites you but does no damage.
The mummy barely misses you.
You scratch the mummy. The hound zombie bites you. The gnoll zombie hits you.
The hobgoblin zombie hits you.
The hobgoblin zombie closely misses you.
You scratch the mummy. The hound zombie bites you. The gnoll zombie hits you.
The hobgoblin zombie hits you but does no damage.
The mummy barely misses you.
The hobgoblin zombie hits you but does no damage.
The hound zombie bites you. The hound zombie closely misses you.
The hound zombie bites you but does no damage.
A spear shoots out and hits you!
* * * LOW HITPOINT WARNING * * *
You found a needle trap!
There is a spear trap here.
You open the door.
The hound zombie bites you but does no damage.
A spear hits the adder zombie!
The mummy hits you!!
You die...

#################
.∩...........#??# ...
.........ZZ.'%!#
...#####....Z.ZM@####
............ZZZZZ^..#
.............Z......#
............Z##.....#
.............##.....#
....................#
.................#..#
...Z.∩..........##..#
.....∩..........#


You could see a mummy, an adder zombie, a rat zombie, 3 hound zombies, 2
hobgoblin zombies, a gnoll zombie and 3 elf zombies.

Vanquished Creatures
  An ogre (D:3)
  2 orc priests (D:3)
  3 adders
  3 worms
  3 dart slugs
  5 leopard geckos
  6 orcs (D:3)
  6 bats
  4 giant cockroaches
  8 goblins
  5 hobgoblins
  6 jackals
  3 frilled lizards
  5 kobolds
  2 rats
62 creatures vanquished.

Notes
Turn   | Place    | Note
-------+----------+-------------------------------------------
     0 | D:1      | kuniqs the Troll Earth Elementalist began the quest for the Orb.
     0 | D:1      | Reached XP level 1. HP: 16/16 MP: 1/1
   100 | D:1      | Reached XP level 2. HP: 24/24 MP: 1/3
   197 | D:1      | Reached skill level 3 in Earth Magic
   603 | D:2      | Reached XP level 3. HP: 31/31 MP: 4/4
   833 | D:2      | Reached skill level 1 in Unarmed Combat
  1077 | D:3      | Noticed an ogre
  1087 | D:3      | Killed an ogre
  1087 | D:3      | Reached skill level 1 in Fighting
  1087 | D:3      | Reached skill level 4 in Earth Magic
  1087 | D:3      | Reached XP level 4. HP: 22/41 MP: 3/5
  1087 | D:3      | Reached XP level 5. HP: 26/48 MP: 3/6
  1418 | D:3      | Found a hazy altar of Hepliaklqana.
  1711 | D:3      | Found a snail-covered altar of Cheibriados.
  1712 | D:3      | Found a shattered altar of Ashenzari.
  2153 | D:4      | Found a sand-covered staircase.
  2160 | Ossuary  | Entered an ossuary
  2177 | Ossuary  | Mangled by a mummy

Vault maps used:
D:1:      evilmike_arrival_come_back
D:3:      gammafunk_temple_overflow_pools, lemuel_round_altar, minmay_cupped
D:4:      minmay_temple_entry_trees, serial_shops, nicolae_shop_behind_doors,
          kennysheep_mini, enter_ossuary_4, first_bread, st_stairs_13
Ossuary:  ossuary_minmay_tomb_2a

Skill      XL: |  1  2  3  4  5 |
---------------+----------------+-----
Earth Magic    | 3 4 |  4.5
Unarmed Combat | 1 2 |  2.6
Fighting       | 1 |  1.9
Throwing       | |  0.5
Dodging        | |  1.5
Stealth        | |  1.0
Spellcasting   | |  1.5
Transmutations | |  0.6

Action                   |  1- 3 |  4- 6 || total
-------------------------+-------+-------++-------
Melee: Unarmed           |   130 |   124 ||   254
Throw: Stone             |       |     1 ||     1
 Cast: Sandblast         |     1 |       ||     1
 Stab: Sleeping          |     1 |     2 ||     3
  Eat: Chunk             |    15 |    10 ||    25
Armor: Robe              |    44 |    38 ||    82
Dodge: Dodged            |    78 |    57 ||   135
